PIO (24 & UNDER)
COLORADO COMMANDERS @ CHULA VISTA TACOS
08/25/2026
 
TOP OF THE 1ST
Colorado Commanders batting - Pitching for Chula Vista Tacos : RHP Maurice Green
Pitching: RHP Maurice Green
Batting: SHB Pancho Vásquez 0-0: Called Strike
0-1: Foul Ball, location: 2F
0-2: Strikes out swinging
Batting: LHB Arturo Rodledo 0-0: Called Strike
0-1: Ball
1-1: Called Strike
1-2: Ball
2-2: Ball
3-2: Strikes out swinging
Batting: SHB Theodore Cook 0-0: Ball
1-0: Fly out, F7 (Flyball, 78M)
Top of the 1st over - 0 run(s), 0 hit(s), 0 error(s), 0 left on base; Colorado 0 - Chula Vista 0
BOTTOM OF THE 1ST
Chula Vista Tacos batting - Pitching for Colorado Commanders : RHP Larry Jenkins
Pitching: RHP Larry Jenkins
Batting: RHB Gustavo Torres 0-0: Ground out 6-3 (Groundball, 6)
Batting: LHB Jaime Icaza 0-0: Swinging Strike
0-1: Foul Ball, location: 2F
0-2: Strikes out swinging
Batting: RHB Johnny Williams 0-0: Called Strike
0-1: SINGLE (Line Drive, 34)
Batting: RHB Joel Carlson 0-0: Foul Ball, location: 2F
0-1: Called Strike
Johnny Williams steals 2nd base
0-2: Ball
1-2: Foul Ball, location: 2F
1-2: Ball
2-2: SINGLE (Line Drive, 8LS)
Johnny Williams to third
Runner from 3rd tries for Home, throw and OUT!
Bottom of the 1st over - 0 run(s), 2 hit(s), 0 error(s), 1 left on base; Colorado 0 - Chula Vista 0
TOP OF THE 2ND
Colorado Commanders batting - Pitching for Chula Vista Tacos : RHP Maurice Green
Batting: RHB Roberto Rodríguez 0-0: Swinging Strike
0-1: Ball
1-1: Ground out 5-3 (Groundball, 56)
Batting: RHB Carlos Hernández 0-0: Called Strike
0-1: Swinging Strike
0-2: Ball
1-2: SINGLE (Groundball, 56S)
Batting: RHB Alberto Soto 0-0: Reached on error, E4 (Groundball, 4)
Carlos Hernández to second
Batting: RHB Frank Martínez 0-0: Ball
1-0: Called Strike
1-1: Called Strike
1-2: Strikes out swinging
Batting: RHB Adam Reeves 0-0: Ball
1-0: Ball
2-0: Ball
3-0: Base on Balls
Carlos Hernández to third
Alberto Soto to second
Batting: RHB Tim Adkins 0-0: Foul Ball, location: 2F
0-1: Ball
1-1: Swinging Strike
1-2: Foul Ball, location: 2F
1-2: Ball
2-2: Strikes out swinging
Top of the 2nd over - 0 run(s), 1 hit(s), 1 error(s), 3 left on base; Colorado 0 - Chula Vista 0
BOTTOM OF THE 2ND
Chula Vista Tacos batting - Pitching for Colorado Commanders : RHP Larry Jenkins
Batting: SHB Walt Rodgers 0-0: Ball
1-0: SINGLE (Groundball, 34S)
Batting: RHB Nate Atkinson 0-0: Called Strike
0-1: Foul Ball, location: 2F
0-2: Ball
1-2: Foul Ball, location: 2F
1-2: Grounds into double play, 1-6-3 (Groundball, 13)
Batting: RHB Tom Cirilo 0-0: Ball
1-0: Foul Ball, location: 2F
1-1: SINGLE (Line Drive, 8LS)
Batting: LHB Michael Myers 0-0: Called Strike
0-1: Ball
1-1: Ball
2-1: Foul Ball, location: 2F
2-2: Ball
3-2: Foul Ball, location: 2F
3-2: Base on Balls
Tom Cirilo to second
Batting: LHB Joe Baker 0-0: Ground out 4-3 (Groundball, 4)
Bottom of the 2nd over - 0 run(s), 2 hit(s), 0 error(s), 2 left on base; Colorado 0 - Chula Vista 0
TOP OF THE 3RD
Colorado Commanders batting - Pitching for Chula Vista Tacos : RHP Maurice Green
Batting: SHB Pancho Vásquez 0-0: Called Strike
0-1: Ball
1-1: Foul Ball, location: 2F
1-2: Ball
2-2: DOUBLE (Line Drive, 7LM)
Batting: LHB Arturo Rodledo 0-0: Ball
1-0: Foul Ball, location: 2F
1-1: Swinging Strike
1-2: Strikes out swinging
Batting: SHB Theodore Cook 0-0: Called Strike
0-1: Ball
1-1: Called Strike
1-2: Strikes out swinging
Batting: RHB Roberto Rodríguez 0-0: Ball
1-0: Swinging Strike
1-1: Fly out, F7 (Flyball, 7S)
Top of the 3rd over - 0 run(s), 1 hit(s), 0 error(s), 1 left on base; Colorado 0 - Chula Vista 0
BOTTOM OF THE 3RD
Chula Vista Tacos batting - Pitching for Colorado Commanders : RHP Larry Jenkins
Batting: RHB Gustavo Torres 0-0: Called Strike
0-1: Ground out 5-3 (Groundball, 56S)
Batting: LHB Jaime Icaza 0-0: Called Strike
0-1: Ball
1-1: Ball
2-1: Ball
3-1: Base on Balls
Batting: RHB Johnny Williams 0-0: Ball
1-0: Ball
2-0: Fly out, F3 (Popup, 3F)
Batting: RHB Joel Carlson 0-0: Ball
Jaime Icaza is caught stealing 2nd base
Bottom of the 3rd over - 0 run(s), 0 hit(s), 0 error(s), 0 left on base; Colorado 0 - Chula Vista 0
TOP OF THE 4TH
Colorado Commanders batting - Pitching for Chula Vista Tacos : RHP Maurice Green
Batting: RHB Carlos Hernández 0-0: Ball
1-0: Ball
2-0: Foul Ball, location: 2F
2-1: Ball
3-1: Base on Balls
Batting: RHB Alberto Soto 0-0: Ball
1-0: Ball
2-0: Fly out, F9 (Flyball, 89S)
Batting: RHB Frank Martínez 0-0: Reached on error, E5 (Groundball, 5)
Carlos Hernández to second
Batting: RHB Adam Reeves 0-0: Ball
Carlos Hernández steals 3rd base
Frank Martínez to second
1-0: Called Strike
1-1: Swinging Strike
1-2: SINGLE (Groundball, 56D)
Carlos Hernández scores
Frank Martínez to third
Runner from 3rd tries for Home, SAFE, no throw or cutoff
Batting: RHB Tim Adkins 0-0: Ball
1-0: Swinging Strike
1-1: Ball
2-1: Ball
3-1: Foul Ball, location: 2F
3-2: Base on Balls
Adam Reeves to second
Batting: SHB Pancho Vásquez 0-0: Ball
1-0: Ball
2-0: Ball
3-0: Called Strike
3-1: Fly out, F4 (Line Drive, 4)
3-1: Lined into DP, 4-6 (Line Drive, 4)
Top of the 4th over - 2 run(s), 1 hit(s), 1 error(s), 1 left on base; Colorado 2 - Chula Vista 0
BOTTOM OF THE 4TH
Chula Vista Tacos batting - Pitching for Colorado Commanders : RHP Larry Jenkins
Batting: RHB Joel Carlson 0-0: Ground out U3 (Groundball, 3L)
Batting: SHB Walt Rodgers 0-0: Foul Ball, location: 2F
0-1: Swinging Strike
0-2: Strikes out swinging
Batting: RHB Nate Atkinson 0-0: SINGLE (Groundball, 34)
Batting: RHB Tom Cirilo 0-0: Foul Ball, location: 2F
0-1: Fly out, F8 (Flyball, 8LM)
Bottom of the 4th over - 0 run(s), 1 hit(s), 0 error(s), 1 left on base; Colorado 2 - Chula Vista 0
TOP OF THE 5TH
Colorado Commanders batting - Pitching for Chula Vista Tacos : RHP Maurice Green
Batting: LHB Arturo Rodledo 0-0: Ball
1-0: Ball
2-0: SINGLE (Groundball, 15S) (infield hit)
Batting: SHB Theodore Cook 0-0: Called Strike
0-1: Ball
1-1: Ball
2-1: Foul Ball, location: 2F
2-2: Strikes out swinging
Batting: RHB Roberto Rodríguez 0-0: Ball
1-0: Foul Ball, location: 2F
1-1: Foul Ball, location: 2F
1-2: SINGLE (Groundball, 6MD)
Arturo Rodledo to second
Pitching: LHP Sloan Sanders
Batting: RHB Carlos Hernández 0-0: Called Strike
0-1: Foul Ball, location: 2F
0-2: Ball
1-2: Hit by Pitch
Arturo Rodledo to third
Roberto Rodríguez to second
Batting: RHB Alberto Soto 0-0: Ball
1-0: Called Strike
1-1: Called Strike
1-2: Ball
2-2: Grounds into double play, 6-4-3 (Groundball, 6)
Top of the 5th over - 0 run(s), 2 hit(s), 0 error(s), 2 left on base; Colorado 2 - Chula Vista 0
BOTTOM OF THE 5TH
Chula Vista Tacos batting - Pitching for Colorado Commanders : RHP Larry Jenkins
Batting: LHB Michael Myers 0-0: Ball
1-0: Swinging Strike
1-1: Swinging Strike
1-2: Strikes out looking
Batting: LHB Joe Baker 0-0: Swinging Strike
0-1: Ball
1-1: Fly out, F7 (Flyball, 7M)
Batting: RHB Gustavo Torres 0-0: Ball
1-0: Ball
2-0: Ball
3-0: Base on Balls
Batting: LHB Jaime Icaza 0-0: Called Strike
Gustavo Torres is caught stealing 2nd base
Bottom of the 5th over - 0 run(s), 0 hit(s), 0 error(s), 0 left on base; Colorado 2 - Chula Vista 0
TOP OF THE 6TH
Colorado Commanders batting - Pitching for Chula Vista Tacos : LHP Sloan Sanders
Batting: RHB Frank Martínez 0-0: Ball
1-0: Ball
2-0: Called Strike
2-1: Swinging Strike
2-2: Strikes out swinging
Batting: RHB Adam Reeves 0-0: Reached on error, E5 (Groundball, 56S)
Batting: RHB Tim Adkins 0-0: Ball
1-0: DOUBLE (Flyball, 7D)
Adam Reeves to third
Batting: SHB Pancho Vásquez 0-0: Intentional Walk
Batting: LHB Arturo Rodledo 0-0: Ball
1-0: Called Strike
1-1: Swinging Strike
1-2: Ball
2-2: Foul Ball, location: 2F
2-2: Strikes out swinging
Batting: SHB Theodore Cook 0-0: Called Strike
0-1: Ball
1-1: Ball
2-1: Ball
3-1: Base on Balls
Adam Reeves scores
Tim Adkins to third
Pancho Vásquez to second
Batting: RHB Roberto Rodríguez 0-0: Ball
1-0: Swinging Strike
1-1: Called Strike
1-2: Ball
2-2: Strikes out looking
Top of the 6th over - 1 run(s), 1 hit(s), 1 error(s), 3 left on base; Colorado 3 - Chula Vista 0
BOTTOM OF THE 6TH
Chula Vista Tacos batting - Pitching for Colorado Commanders : RHP Larry Jenkins
Batting: LHB Jaime Icaza 0-0: Called Strike
0-1: Foul Ball, location: 2F
0-2: Foul Ball, location: 2F
0-2: Ball
1-2: DOUBLE (Flyball, 7LM)
Batting: RHB Johnny Williams 0-0: Fly out, F9 (Flyball, 9S)
Batting: RHB Joel Carlson 0-0: Ball
1-0: Called Strike
1-1: Swinging Strike
1-2: Ball
2-2: Strikes out swinging
Batting: SHB Walt Rodgers 0-0: Fly out, F8 (Popup, 8RS)
Bottom of the 6th over - 0 run(s), 1 hit(s), 0 error(s), 1 left on base; Colorado 3 - Chula Vista 0
TOP OF THE 7TH
Colorado Commanders batting - Pitching for Chula Vista Tacos : LHP Sloan Sanders
Batting: RHB Carlos Hernández 0-0: Fly out, F3 (Popup, 3SF)
Pitching: RHP Alberto Reyes
Batting: RHB Alberto Soto 0-0: Ground out 1-3 (Groundball, 15)
Batting: RHB Frank Martínez 0-0: Ball
1-0: Called Strike
1-1: Called Strike
1-2: DOUBLE (Flyball, 7LM)
Batting: RHB Adam Reeves 0-0: Called Strike
0-1: Ball
1-1: Foul Ball, location: 2F
1-2: Ball
2-2: Strikes out swinging
Top of the 7th over - 0 run(s), 1 hit(s), 0 error(s), 1 left on base; Colorado 3 - Chula Vista 0
BOTTOM OF THE 7TH
Chula Vista Tacos batting - Pitching for Colorado Commanders : RHP Larry Jenkins
Batting: RHB Nate Atkinson 0-0: Ball
1-0: Fly out, F6 (Line Drive, 6M)
Batting: RHB Tom Cirilo 0-0: Called Strike
0-1: Foul Ball, location: 2F
0-2: Ball
1-2: Strikes out swinging
Batting: LHB Michael Myers 0-0: Ground out 4-3 (Groundball, 4)
Bottom of the 7th over - 0 run(s), 0 hit(s), 0 error(s), 0 left on base; Colorado 3 - Chula Vista 0
TOP OF THE 8TH
Colorado Commanders batting - Pitching for Chula Vista Tacos : RHP Alberto Reyes
Batting: RHB Tim Adkins 0-0: Ball
1-0: Ball
2-0: Foul Ball, location: 2F
2-1: Ball
3-1: Base on Balls
Batting: SHB Pancho Vásquez 0-0: Ball
1-0: Sac Bunt - play at first, batter OUT! 2-4
Tim Adkins to second
Batting: LHB Arturo Rodledo 0-0: Intentional Walk
Batting: SHB Theodore Cook 0-0: Called Strike
0-1: Ball
1-1: Foul Ball, location: 2F
1-2: Foul Ball, location: 2F
1-2: Ball
2-2: Fly out, F8 (Flyball, 8LM)
Batting: RHB Roberto Rodríguez 0-0: Ball
1-0: Ball
2-0: Called Strike
2-1: Foul Ball, location: 2F
2-2: Ball
3-2: Strikes out swinging
Top of the 8th over - 0 run(s), 0 hit(s), 0 error(s), 2 left on base; Colorado 3 - Chula Vista 0
BOTTOM OF THE 8TH
Chula Vista Tacos batting - Pitching for Colorado Commanders : RHP Larry Jenkins
Batting: LHB Joe Baker 0-0: Called Strike
0-1: Ball
1-1: Ball
2-1: Foul Ball, location: 2F
2-2: Foul Ball, location: 2F
2-2: Ball
3-2: Strikes out swinging
Pitching: RHP Tomás Rodríguez
Batting: RHB Gustavo Torres 0-0: Ball
1-0: Ball
2-0: Ball
3-0: Called Strike
3-1: Called Strike
3-2: Base on Balls
Batting: LHB Jaime Icaza 0-0: Foul Ball, location: 2F
0-1: Swinging Strike
0-2: Ball
1-2: Strikes out swinging
Batting: RHB Johnny Williams 0-0: Foul Ball, location: 2F
0-1: Called Strike
0-2: Ball
1-2: Ball
2-2: Ball
3-2: Ground out 6-3 (Groundball, 56)
Bottom of the 8th over - 0 run(s), 0 hit(s), 0 error(s), 1 left on base; Colorado 3 - Chula Vista 0
TOP OF THE 9TH
Colorado Commanders batting - Pitching for Chula Vista Tacos : RHP Alberto Reyes
Batting: RHB Carlos Hernández 0-0: Ball
1-0: Called Strike
1-1: Ball
2-1: Ball
3-1: Foul Ball, location: 2F
3-2: Ground out 5-3 (Groundball, 5S)
Pitching: RHP Rick Hernández
Batting: RHB Alberto Soto 0-0: Called Strike
0-1: Ball
1-1: Swinging Strike
1-2: Ball
2-2: Ball
3-2: Foul Ball, location: 2F
3-2: Foul Ball, location: 2F
3-2: Base on Balls
Batting: RHB Frank Martínez 0-0: Ball
1-0: Called Strike
1-1: Ball
2-1: Ball
3-1: Called Strike
3-2: Strikes out swinging
Batting: RHB Adam Reeves 0-0: Called Strike
0-1: Ground out U3 (Groundball, 3)
Top of the 9th over - 0 run(s), 0 hit(s), 0 error(s), 1 left on base; Colorado 3 - Chula Vista 0
BOTTOM OF THE 9TH
Chula Vista Tacos batting - Pitching for Colorado Commanders : RHP Tomás Rodríguez
Pitching: RHP Sixto García
Batting: RHB Joel Carlson 0-0: DOUBLE (Line Drive, 89M)
Batting: SHB Walt Rodgers 0-0: Ball
1-0: Ball
2-0: DOUBLE (Line Drive, 9LS)
Joel Carlson scores
Pinch Hitting: LHB Steven Smith 0-0: Ball
1-0: Ball
2-0: Ball
3-0: Base on Balls
Pinch Hitting: RHB Ray Rogers 0-0: Reached on error, E6 (Groundball, 6MS)
Walt Rodgers scores
Steven Smith to third
Batting: LHB Michael Myers 0-0: Ball
1-0: Ball
2-0: Ball
3-0: Called Strike
3-1: Foul Ball, location: 2F
3-2: Ground out U3 (Groundball, 3)
Batting: LHB Joe Baker 0-0: Called Strike
0-1: Ball
1-1: Fly out, F8 (Flyball, 8RM)
Runner from 3rd tags up, SCORES, throw made
Batting: RHB Gustavo Torres 0-0: Called Strike
0-1: Swinging Strike
0-2: Strikes out swinging
Bottom of the 9th over - 3 run(s), 2 hit(s), 1 error(s), 1 left on base; Colorado 3 - Chula Vista 3
TOP OF THE 10TH
Colorado Commanders batting - Pitching for Chula Vista Tacos : RHP Rick Hernández
Pitching: LHP Brock Saunders
Now at C: Dave King
Now at 1B: Steven Smith
Batting: RHB Tim Adkins 0-0: Ball
1-0: Foul Ball, location: 2F
1-1: Ball
2-1: Swinging Strike
2-2: Ball
3-2: Strikes out swinging
Pinch Hitting: RHB Ricardo Remedios 0-0: Swinging Strike
0-1: Reached on error, E4 (Groundball, 4)
Pinch Hitting: RHB Gerald Johnson 0-0: Ball
Ricardo Remedios is caught stealing 2nd base
1-0: Called Strike
1-1: Foul Ball, location: 2F
1-2: Strikes out swinging
Top of the 10th over - 0 run(s), 0 hit(s), 1 error(s), 0 left on base; Colorado 3 - Chula Vista 3
BOTTOM OF THE 10TH
Chula Vista Tacos batting - Pitching for Colorado Commanders : RHP Sixto García
Now at 1B: Chris Rice
Now in RF: Ricardo Remedios
Batting: LHB Jaime Icaza 0-0: Ball
1-0: Swinging Strike
1-1: Foul Ball, location: 2F
1-2: Ball
2-2: Ball
3-2: Base on Balls
Batting: RHB Johnny Williams 0-0: Ball
1-0: Called Strike
1-1: Foul Ball, location: 2F
1-2: Foul Ball, location: 2F
1-2: DOUBLE (Line Drive, 7LM)
Jaime Icaza to third
Batting: RHB Joel Carlson 0-0: Swinging Strike
0-1: Swinging Strike
0-2: Ball
1-2: Strikes out swinging
Batting: SHB Walt Rodgers 0-0: Intentional Walk
Batting: LHB Steven Smith 0-0: Called Strike
0-1: Ball
1-1: Foul Ball, location: 2F
1-2: Ball
2-2: Ball
3-2: Fly out, F7 (Flyball, 7S)
Pinch Hitting: RHB Manny Torrez 0-0: Called Strike
0-1: Ball
1-1: Fly out, F9 (Flyball, 89M)
Bottom of the 10th over - 0 run(s), 1 hit(s), 0 error(s), 3 left on base; Colorado 3 - Chula Vista 3
TOP OF THE 11TH
Colorado Commanders batting - Pitching for Chula Vista Tacos : LHP Brock Saunders
Now at C: John Martin
Batting: SHB Theodore Cook 0-0: Called Strike
0-1: Foul Ball, location: 2F
0-2: Ball
1-2: Strikes out swinging
Batting: RHB Roberto Rodríguez 0-0: Swinging Strike
0-1: Foul Ball, location: 2F
0-2: Foul Ball, location: 2F
0-2: Ball
1-2: Strikes out looking
Batting: RHB Carlos Hernández 0-0: Ball
1-0: Swinging Strike
1-1: DOUBLE (Groundball, 5L)
Batting: RHB Alberto Soto 0-0: Called Strike
0-1: Swinging Strike
0-2: Foul Ball, location: 2F
0-2: Ball
1-2: Foul Ball, location: 2F
1-2: Ball
2-2: Ball
3-2: Strikes out swinging
Top of the 11th over - 0 run(s), 1 hit(s), 0 error(s), 1 left on base; Colorado 3 - Chula Vista 3
BOTTOM OF THE 11TH
Chula Vista Tacos batting - Pitching for Colorado Commanders : RHP Sixto García
Pitching: RHP Bill Davis
Batting: LHB Michael Myers 0-0: Ground out 6-3 (Groundball, 6)
Batting: LHB Joe Baker 0-0: SINGLE (Groundball, 3D)
Batting: RHB Gustavo Torres 0-0: Ball
1-0: Ball
2-0: Ball
3-0: Called Strike
3-1: Base on Balls
Joe Baker to second
Batting: LHB Jaime Icaza 0-0: Ball
Joe Baker steals 3rd base
Gustavo Torres to second
1-0: Intentional Walk
Batting: RHB Johnny Williams 0-0: Ball
1-0: Called Strike
1-1: Ball
2-1: Fly out, F4 (Popup, 4M)
Batting: RHB Joel Carlson 0-0: Ball
1-0: Called Strike
1-1: Ball
2-1: Ball
3-1: Ground out 4-3 (Groundball, 4)
Bottom of the 11th over - 0 run(s), 1 hit(s), 0 error(s), 3 left on base; Colorado 3 - Chula Vista 3
TOP OF THE 12TH
Colorado Commanders batting - Pitching for Chula Vista Tacos : LHP Brock Saunders
Pitching: RHP Bobby Booker
Batting: RHB Frank Martínez 0-0: Called Strike
0-1: DOUBLE (Line Drive, 5D)
Pinch Hitting: RHB Samuel Pasolini 0-0: Ball
1-0: DOUBLE (Line Drive, 7LM)
Frank Martínez scores
Batting: RHB Tim Adkins 0-0: Ball
1-0: Called Strike
1-1: Ball
2-1: Ball
3-1: Foul Ball, location: 2F
3-2: Foul Ball, location: 2F
3-2: Strikes out looking
Batting: RHB Ricardo Remedios 0-0: Intentional Walk
Batting: RHB Chris Rice 0-0: Foul Ball, location: 2F
0-1: Swinging Strike
0-2: Ground out 5-3 (Groundball, 5S)
Samuel Pasolini to third
Ricardo Remedios to second
Batting: SHB Theodore Cook 0-0: Swinging Strike
0-1: Ball
1-1: Ball
2-1: Swinging Strike
2-2: Strikes out looking
Top of the 12th over - 1 run(s), 2 hit(s), 0 error(s), 2 left on base; Colorado 4 - Chula Vista 3
BOTTOM OF THE 12TH
Chula Vista Tacos batting - Pitching for Colorado Commanders : RHP Bill Davis
Now at C: Clarence Robertson
Batting: SHB Walt Rodgers 0-0: Called Strike
0-1: SINGLE (Groundball, 6M)
Batting: LHB Steven Smith 0-0: Called Strike
0-1: Bunted foul
0-2: Fly out, F7 (Flyball, 7M)
Batting: RHB John Martin 0-0: Swinging Strike
0-1: Grounds into double play, 5-4-3 (Groundball, 56)
Bottom of the 12th over - 0 run(s), 1 hit(s), 0 error(s), 0 left on base; Colorado 4 - Chula Vista 3
Monday, December 5th, 2016 - OOTP Baseball 17.12 Build 75